 Dungeon Crawl Stone Soup version 0.31-a0-180-g519b7de00c (webtiles) character file.

Game seed: 13170341987796618063

131 qw the Chopper (level 5, -1/32 HPs)
             Began as a Gargoyle Fighter on June 19, 2023.
             Killed from afar by Ijyb (8 damage)
             ... with a bolt of light
             ... on level 2 of the Dungeon.
             The game lasted 00:00:58 (1712 turns).

qw the Chopper (Gargoyle Fighter)                   Turns: 1712, Time: 00:00:59

Health: -1/32      AC: 12    Str: 21    XL:     5   Next: 14%
Magic:  5/5        EV:  9    Int:  9    God:
Gold:   111        SH:  4    Dex:  9    Spells: 4/4 levels left

rFire   . . .        Y - +0 war axe
rCold   . . .        c - +0 buckler
rNeg    + . .        b - +0 scale mail
rPois   inf          (no helmet)
rElec   +            e - +0 cloak
rCorr   .            (no gloves)
SInv    .            (no boots)
Will    .....        (no amulet) Stlth
                     (no ring)
HPRegen 0.25/turn    (no ring)
MPRegen 0.09/turn

%: no passive effects
@: no status effects
A: sickness immunity, AC +4, negative energy resistance 1, electricity
resistance, torment resistance 1, petrification resistance
a: no special abilities


You were on level 2 of the Dungeon.
You visited 1 branch of the dungeon, and saw 2 of its levels.

You collected 111 gold pieces.


Innate Abilities, Weirdness & Mutations

You are immune to sickness and miasma.
Your stone body is resilient. (AC +4)
You are immune to poison.
You resist negative energy. (rN+)
You are resistant to electric shocks. (rElec)
You are resistant to unholy torment.
You are immune to petrification.


   Skills:
 - Level 3.2 Fighting
 + Level 4.7 Axes
 - Level 3.2 Armour
 - Level 3.2 Shields


You had 4 spell levels left.
You didn't know any spells.
Your spell library was empty.

Inventory:

Hand Weapons
 g - a +0 whip
 Y - a +0 war axe (weapon)
Armour
 b - a +0 scale mail (worn)
 c - a +0 buckler (worn)
 e - a +0 cloak (worn)
Scrolls
 a - a scroll of enchant armour {unknown}
 f - a scroll of identify {unknown}
Potions
 d - a potion of might

Dungeon Overview and Level Annotations

Branches:
Dungeon (2/15)

Altars:

Shops:
D:2 (

Annotations:
D:2 Ijyb


Message History

You slash the goblin!
You kill the goblin!
You barely miss the goblin. The goblin barely misses you.
Ijyb the Twisted Goblin comes into view.
She is wielding a +0 club and carrying a wand of light (3).
You barely miss the goblin. The goblin hits you with a +0 club.
The goblin hits you but does no damage. x2
A goblin comes into view. It is wielding a +1 dagger of draining.
A goblin comes into view. It is wielding a +0 dagger.
The goblin shouts!
You hit the goblin.
You kill the goblin!
You closely miss the goblin.
A goblin comes into view. It is wielding a +0 dagger.
The goblin hits you but does no damage.
You barely miss Ijyb. You closely miss the goblin.
The goblin shouts!
Ijyb barely misses you. The goblin hits you but does no damage.
You barely miss Ijyb. You slash the goblin!
You kill the goblin!
Ijyb hits you with a +0 club. Ijyb hits you but does no damage.
You closely miss Ijyb.
Ijyb zaps a wand.
The bolt of light hits you!
You are confused.
Ijyb hits you but does no damage. The goblin hits you but does no damage.
Ijyb barely misses you. The goblin hits you but does no damage.
You feel less confused. Ijyb hits you with a +0 club.
The goblin hits you with a +1 dagger of draining.
You hit Ijyb but do no damage. You slash the goblin!
You kill the goblin!
Ijyb barely misses you.
You closely miss Ijyb. You slash the goblin!
You kill the goblin!
Ijyb closely misses you.
You barely miss Ijyb. You slash the goblin!
You kill the goblin!
Ijyb zaps a wand.
The bolt of light hits you!
Ijyb zaps a wand.
The bolt of light hits you!
You die...

#....#
#...>......
#....#
#.......###
#....#
#.......##.
##.###
#..........
#.#
#..........
##.#
#..........
#..#
#..........
#.##
####+#.....
#@#
#.......
#)g#
###.#...
#..8 #.#...
#....
#.#...
#.....
#.#..)
#......
#.#...
#.......
#...
#........
#... ....


You could see Ijyb.

Vanquished Creatures
  Natasha (twice) (D:2)
  A gnoll (D:1)
  2 adders (D:2)
  2 dart slugs
  A bat (D:2)
  6 endoplasms
  5 giant cockroaches (D:1)
  7 goblins (D:2)
  3 hobgoblins (D:1)
  3 quokkas
  5 ball pythons
  A frilled lizard (D:1)
  6 kobolds
  6 rats
50 creatures vanquished.

Notes
Turn   | Place    | Note
-------+----------+-------------------------------------------
     0 | D:1      | qw the Gargoyle Fighter began the quest for the Orb.
     0 | D:1      | Reached XP level 1. HP: 14/14 MP: 1/1
     0 | D:1      | 0 ||| qw: Version: 0.3-a-7-ge0c9b40
     0 | D:1      | 0 ||| qw: Game counter: 1039
     0 | D:1      | 0 ||| qw: Always use a shield: true
     0 | D:1      | 0 ||| qw: God list: Okawaru
     0 | D:1      | 0 ||| qw: Allow faded altars: false
     0 | D:1      | 0 ||| qw: Do Orc after D:15 true
     0 | D:1      | 0 ||| qw: Do second Lair branch before Depths: true
     0 | D:1      | 0 ||| qw: Lair rune preference: random
     0 | D:1      | 0 ||| qw: Plans: Normal, Zot:1-4, Slime:5, God:TSO, Crypt,
                  | Tomb, Abyss, Pan, Hells, Win
     0 | D:1      | 0 ||| PLANNING D:1-11
    65 | D:1      | Reached skill level 2 in Axes
   136 | D:1      | Reached XP level 2. HP: 19/19 MP: 2/2
   411 | D:1      | Reached skill level 3 in Axes
   416 | D:1      | Reached XP level 3. HP: 23/23 MP: 3/3
   424 | D:1      | 424 ||| Stepping ~*~*~tactically~*~*~ (stealth).
   433 | D:1      | HP: 4/23 [frozen (5)]
   435 | D:1      | 435 ||| FLEEEEING.
   436 | D:1      | 436 ||| FLEEEEING.
   437 | D:1      | 437 ||| FLEEEEING.
   438 | D:1      | 438 ||| FLEEEEING.
   439 | D:1      | 439 ||| FLEEEEING.
   440 | D:1      | 440 ||| FLEEEEING.
   441 | D:1      | 441 ||| FLEEEEING.
   442 | D:1      | 442 ||| FLEEEEING.
   443 | D:1      | 443 ||| FLEEEEING.
   444 | D:1      | 444 ||| FLEEEEING.
   445 | D:1      | 445 ||| FLEEEEING.
   446 | D:1      | 446 ||| FLEEEEING.
   447 | D:1      | 447 ||| FLEEEEING.
   448 | D:1      | 448 ||| FLEEEEING.
   449 | D:1      | 449 ||| FLEEEEING.
   450 | D:1      | 450 ||| FLEEEEING.
   451 | D:1      | 451 ||| FLEEEEING.
   452 | D:1      | 452 ||| FLEEEEING.
   453 | D:1      | 453 ||| FLEEEEING.
   454 | D:1      | 454 ||| FLEEEEING.
   455 | D:1      | 455 ||| FLEEEEING.
   456 | D:1      | 456 ||| FLEEEEING.
   457 | D:1      | 457 ||| FLEEEEING.
   458 | D:1      | 458 ||| FLEEEEING.
   459 | D:1      | 459 ||| FLEEEEING.
   460 | D:1      | 460 ||| FLEEEEING.
   461 | D:1      | 461 ||| FLEEEEING.
   462 | D:1      | 462 ||| FLEEEEING.
   463 | D:1      | 463 ||| FLEEEEING.
   464 | D:1      | 464 ||| FLEEEEING.
   465 | D:1      | 465 ||| FLEEEEING.
   466 | D:1      | 466 ||| FLEEEEING.
   467 | D:1      | 467 ||| FLEEEEING.
   468 | D:1      | 468 ||| FLEEEEING.
   469 | D:1      | 469 ||| FLEEEEING.
   470 | D:1      | 470 ||| FLEEEEING.
   471 | D:1      | 471 ||| FLEEEEING.
   472 | D:1      | 472 ||| FLEEEEING.
   473 | D:1      | 473 ||| FLEEEEING.
   474 | D:1      | 474 ||| FLEEEEING.
   475 | D:1      | 475 ||| FLEEEEING.
   476 | D:1      | 476 ||| FLEEEEING.
   477 | D:1      | 477 ||| FLEEEEING.
   478 | D:1      | 478 ||| FLEEEEING.
   479 | D:1      | 479 ||| FLEEEEING.
   480 | D:1      | 480 ||| FLEEEEING.
   481 | D:1      | 481 ||| FLEEEEING.
   482 | D:1      | 482 ||| FLEEEEING.
   483 | D:1      | 483 ||| FLEEEEING.
   484 | D:1      | 484 ||| FLEEEEING.
   485 | D:1      | 485 ||| FLEEEEING.
   486 | D:1      | 486 ||| FLEEEEING.
   487 | D:1      | 487 ||| FLEEEEING.
   488 | D:1      | 488 ||| FLEEEEING.
   490 | D:1      | 490 ||| FLEEEEING.
   491 | D:1      | 491 ||| FLEEEEING.
   492 | D:1      | 492 ||| FLEEEEING.
   493 | D:1      | 493 ||| FLEEEEING.
   494 | D:1      | 494 ||| FLEEEEING.
   495 | D:1      | 495 ||| FLEEEEING.
   496 | D:1      | 496 ||| FLEEEEING.
   497 | D:1      | 497 ||| FLEEEEING.
   498 | D:1      | 498 ||| FLEEEEING.
   499 | D:1      | 499 ||| FLEEEEING.
   500 | D:1      | 500 ||| FLEEEEING.
   501 | D:1      | 501 ||| FLEEEEING.
   502 | D:1      | 502 ||| FLEEEEING.
   503 | D:1      | 503 ||| FLEEEEING.
   506 | D:1      | 506 ||| FLEEEEING.
   507 | D:1      | 507 ||| FLEEEEING.
   623 | D:1      | 623 ||| DROPPING +0 club.
   827 | D:1      | 827 ||| UPGRADING to +0 cloak.
   832 | D:1      | 832 ||| READING scroll labelled QIUNWE AFEGRAM.
   848 | D:2      | Found Xosmer's Antique Weapon Boutique.
   853 | D:2      | 853 ||| SHOPLISTING glowing morningstar (161 gold, have
                  | 58).
   853 | D:2      | 853 ||| SHOPLISTING mace (69 gold, have 58).
   881 | D:2      | Noticed Natasha
   882 | D:2      | 882 ||| Stepping ~*~*~tactically~*~*~ (hiding).
   897 | D:2      | Killed Natasha
   898 | D:2      | Reached XP level 4. HP: 26/28 MP: 4/4
  1124 | D:2      | Reached skill level 4 in Axes
  1138 | D:2      | 1138 ||| Stepping ~*~*~tactically~*~*~ (hiding).
  1139 | D:2      | 1139 ||| Stepping ~*~*~tactically~*~*~ (hiding).
  1141 | D:2      | 1141 ||| Stepping ~*~*~tactically~*~*~ (hiding).
  1245 | D:2      | 1245 ||| Stepping ~*~*~tactically~*~*~ (stealth).
  1308 | D:2      | Noticed Natasha
  1309 | D:2      | 1309 ||| Stepping ~*~*~tactically~*~*~ (hiding).
  1316 | D:2      | Killed Natasha
  1605 | D:2      | Reached XP level 5. HP: 30/32 MP: 5/5
  1701 | D:2      | Noticed Ijyb
  1712 | D:2      | HP: 7/32 [Ijyb/bolt of light (9)]
  1712 | D:2      | Killed from afar by Ijyb

Levels and vault maps discovered:
D:1:      dpeg_arrival_renting, layout_basic
D:2:      kennysheep_the_goblin_king, layout_basic, serial_shops,
          nicolae_shop_temple_entry_statues_fountains, uniq_natasha

Skill      XL: |  1  2  3  4 |
---------------+-------------+-----
Axes           | 2 3 4 |  4.7
Fighting       | |  3.2
Armour         | |  3.2
Shields        | |  3.2

Action                     |  1- 3 |  4- 6 || total
---------------------------+-------+-------++-------
  Melee: War axe           |    80 |    55 ||   135
    Use: Scroll            |     1 |       ||     1
 Armour: Scale mail        |    40 |    30 ||    70
  Dodge: Dodged            |    28 |    23 ||    51
  Block: Buckler           |    14 |     9 ||    23

Table legend:
 A = Non-vault XP
 B = Vault XP
 C = Vault XP percentage of total XP
 D = Non-vault monster count
 E = Vault monster count
 F = Vault count percentage of total count
                 A         B        C        D         E       F
            +---------+---------+-------+---------+---------+-------
      Total |     146 |      44 |  23.2 |      43 |       7 |  14.0
            +---------+---------+-------+---------+---------+-------
        D:1 |      62 |       0 |   0.0 |      28 |       0 |   0.0
        D:2 |      84 |      44 |  34.4 |      15 |       7 |  31.8
            +---------+---------+-------+---------+---------+-------
